[Event "*** MasterClass Titled Tuesday Blitz"]
[Site "Chess.com"]
[Date "2017.08.01"]
[Round "4"]
[White "krzyzan94"]
[Black "FairChess_on_YouTube"]
[Result "0-1"]
[WhiteElo "2542"]
[BlackElo "2736"]
[TimeControl "180+2"]
[EndTime "13:49:48 PDT"]
[Termination "FairChess_on_YouTube won by resignation"]

1. e4 g6 2. d4 Bg7 3. Nf3 c6 4. h3 d6 5. Bc4 Nf6 6. Qe2 Nxe4 7. Bxf7+ Kxf7 8. Qxe4 Bf5 9. Qe2 Qa5+ 10. Nc3 Qa6 11. Ng5+ Ke8 12. Qd1 h6 13. g4 Bc8 14.
Nf3 Nd7 15. Be3 Nb6 16. Nh4 g5 17.
Ng6 Rg8 18. h4 Nc4 19. Qf3 Bf6 20. h5 Qa5 21. O-O-O Qb4 22. Rd3 Nxb2 23. Ne4 Nxd3+ 24. cxd3 Qa3+ 25. Kd2 Qxa2+ 26. Ke1 Bg7 27. Kf1 Qe6 28.
Rg1 a5 29. Bxg5 hxg5 30. Nxg5 Qf6 31. Qe3 Bh6 0-1

[Event "*** MasterClass Titled Tuesday Blitz"]
[Site "Chess.com"]
[Date "2017.08.01"]
[Round "4"]
[White "H16"]
[Black "LazarusIcarus"]
[Result "1-0"]
[WhiteElo "2314"]
[BlackElo "2200"]
[TimeControl "180+2"]
[EndTime "13:49:53 PDT"]
[Termination "H16 won by resignation"]

1. d4 Nf6 2. c4 g6 3. f3 e6 4. e4 d5 5. Nc3 dxe4 6. fxe4 e5 7.
d5 Bc5 8. Nf3 Bg4 9. h3 Bxf3 10.
Qxf3 Nbd7 11. Bg5 a5 12. Bd3 Qe7 13. Rf1 Ra6 14. Nb5 Kd8 15. d6 Bxd6 16. O-O-O Bc5 17. Nc3 Qe6 18. Nd5 Be7 19. c5 Nxd5 20. Bxe7+ Nxe7 21. Bxa6 Qxa6 22. Qxf7 Qc6 23. Qf8+ 1-0

[Event "*** MasterClass Titled Tuesday Blitz"]
[Site "Chess.com"]
[Date "2017.08.01"]
[Round "4"]
[White "Fins0905"]
[Black "Saitama_Hero"]
[Result "1-0"]
[WhiteElo "2401"]
[BlackElo "2212"]
[TimeControl "180+2"]
[EndTime "13:50:09 PDT"]
[Termination "Fins0905 won by resignation"]

1. d4 d6 2. Nf3 f5 3. g3 Nf6 4. Bg2 g6 5. O-O Bg7 6. b3 O-O 7. Bb2 Ne4 8. Nfd2 d5 9. e3 c6 10. c4 e6 11. Nc3 Nd7 12. Ndxe4 fxe4 13. f3 exf3 14. Bxf3 Qg5 15. Qe2 dxc4 16. Ne4 Qh6 17. bxc4 e5 18. c5 Kh8 19. Bg2 exd4 20. Rxf8+ Nxf8 21.
exd4 Be6 22. Rf1 Bxa2 23. Nd6 Nd7 24. d5 Nf6 25. Nf7+ 1-0

[Event "*** MasterClass Titled Tuesday Blitz"]
[Site "Chess.com"]
[Date "2017.08.01"]
[Round "4"]
[White "platy3"]
[Black "olomi007"]
[Result "0-1"]
[WhiteElo "2573"]
[BlackElo "2493"]
[TimeControl "180+2"]
[EndTime "13:50:14 PDT"]
[Termination "olomi007 won by resignation"]

1. e4 c5 2. Nf3 Nc6 3. d4 cxd4 4. Nxd4 Qb6 5. Nb3 Nf6 6. Nc3 e6 7. a3 Be7 8. Bf4 d5 9. exd5 Nxd5 10. Nxd5 exd5 11. Bd3 O-O 12. O-O Bf6 13. c3 d4 14. c4 Ne5 15. Bxe5 Bxe5 16. Qh5 g6 17. Qxe5 Qxb3 18. Qxd4 Be6 19. Rfd1 Rfd8 20. Qc3 Qxc3 21. bxc3 Rac8 22. Bf1 Rxd1 23. Rxd1 Bxc4 24. Rd7 Bxf1 25.
Kxf1 Rxc3 26. Rxb7 Rxa3 27. g3 Ra2 28. Kg2 h5 29. h4 Ra3 30. Kh2 a5 31. Kg2 a4 32.
Ra7 Kg7 33. Ra6 Ra2 34. Ra7 Kf6 35.
Ra6+ Kf5 36. Ra7 Ke6 37. Ra6+ Ke5 38. Ra7 Kf6 39. Ra6+ Kg7 40. Ra7 a3 41. Kg1 Kf6 42.
Kg2 Ke6 43. Ra6+ Kd5 44. Ra7 Kc4 45. Rxf7 Rc2 46. Rc7+ Kb3 47. Rb7+ Kc3 48. Rc7+ Kb2 49. Rb7+ Kc1 50. Ra7 a2 51. Kf3 Kb1 0-1

[Event "*** MasterClass Titled Tuesday Blitz"]
[Site "Chess.com"]
[Date "2017.08.01"]
[Round "4"]
[White "Drags95"]
[Black "KNVB"]
[Result "0-1"]
[WhiteElo "2512"]
[BlackElo "2517"]
[TimeControl "180+2"]
[EndTime "13:50:21 PDT"]
[Termination "KNVB won by resignation"]

1. e4 e6 2. d4 d5 3. Nc3 Bb4 4. e5 Ne7 5. a3 Bxc3+ 6. bxc3 b6 7. Qg4 Ng6 8. h4 h5 9. Qd1 Ba6 10. Bxa6 Nxa6 11. Bg5 Qd7 12. Ne2 Qa4 13. Ng3 Qc4 14. Qf3 c5 15. Rd1 Nc7 16. Nxh5 Rh7 17. Rh3 cxd4 18.
cxd4 Nb5 19. a4 Nxd4 20. Rxd4 Qxd4 21. Nxg7+ Rxg7 22. Bf6 Rh7 23. h5 Qe4+ 24. Qxe4 dxe4 25. g4 Nf4 26. Rc3 Nd5 27. Rc4 e3 28. f4 Kd7 29.
Rd4 Kc6 30. Bg5 b5 31. axb5+ Kxb5 32. Ke2 a5 33. Kd3 Nb4+ 34. Ke2 a4 35. c3 Nd5 0-1

[Event "*** MasterClass Titled Tuesday Blitz"]
[Site "Chess.com"]
[Date "2017.08.01"]
[Round "4"]
[White "Vrolijk"]
[Black "matein28"]
[Result "1-0"]
[WhiteElo "2508"]
[BlackElo "2370"]
[TimeControl "180+2"]
[EndTime "13:50:21 PDT"]
[Termination "Vrolijk won by resignation"]

1. e4 d5 2. Nc3 dxe4 3. Nxe4 Bf5 4.
Ng3 Bg6 5. Nf3 Nd7 6. d4 e6 7. h4 h6 8. h5 Bh7 9. Bd3 Bxd3 10. Qxd3 Ngf6 11. Bf4 c6 12. O-O-O Qa5 13. Kb1 O-O-O 14.
Bd2 Qc7 15. Qe2 Bd6 16. Ne4 Nxe4 17. Qxe4 Nf6 18. Qe2 Bf4 19. Bxf4 Qxf4 20. Qe5 Qg4 21.
Qe3 Nd5 22. Qa3 a6 23. Ne5 Qf5 24. f3 Rhf8 25. Nc4 Qf4 26. Rhe1 Nf6 27. Qc5 Rfe8 28. Re5 Kc7 29. Qb6+ Kc8 30. Na5 Re7 31. Rc5 Qc7 32.
Qa7 Nd7 33. Rxc6 bxc6 34. Qxa6+ Kb8 35. Nxc6+ Qxc6 36. Qxc6 Rc8 37. Qb5+ Kc7 38. Qa5+ Kb7 39. Qb4+ 1-0

[Event "*** MasterClass Titled Tuesday Blitz"]
[Site "Chess.com"]
[Date "2017.08.01"]
[Round "4"]
[White "kleinebeer98"]
[Black "ruvat"]
[Result "1-0"]
[WhiteElo "2458"]
[BlackElo "2290"]
[TimeControl "180+2"]
[EndTime "13:50:33 PDT"]
[Termination "kleinebeer98 won by resignation"]

1. e4 d6 2. d4 Nf6 3. Nc3 g6 4. h4 Bg7 5. h5 Nxh5 6. g4 Nf6 7. g5 Nfd7 8. f4 c5 9. d5 Na6 10. Nf3 Nc7 11. a4 a6 12. Qe2 Rb8 13. e5 Nb6 14.
Qd2 dxe5 15. Nxe5 Nbxd5 16. Bc4 Be6 17. Ne4 b6 18. c3 Rb7 19. Qg2 Qc8 20. Bd2 Bxe5 21.
fxe5 Bf5 22. O-O-O Qe6 23. Rde1 Rb8 24. Nf6+ Kf8 25.
Nxd5 Nxd5 26. Bxd5 1-0

[Event "*** MasterClass Titled Tuesday Blitz"]
[Site "Chess.com"]
[Date "2017.08.01"]
[Round "4"]
[White "pedroholly22"]
[Black "Caisachess"]
[Result "1-0"]
[WhiteElo "2269"]
[BlackElo "2241"]
[TimeControl "180+2"]
[EndTime "13:50:38 PDT"]
[Termination "pedroholly22 won by checkmate"]

1. d4 Nf6 2. c4 e6 3. Nf3 Bb4+ 4.
Bd2 a5 5. g3 b6 6. Bg2 Bb7 7.
O-O O-O 8. Nc3 d6 9. Bg5 Bxc3 10.
bxc3 h6 11. Bf4 Ne4 12. Qc2 Nd7 13. d5 exd5 14. cxd5 Bxd5 15. Rfd1 Nef6 16. Bh3 Nc5 17. Nd4 Be4 18. Qd2 Nh5 19. Be3 Qf6 20. Bg4 Qg6 21. Bh3 Nf6 22. Nb5 Nd5 23. Bxc5 dxc5 24. c4 Nb4 25. Nxc7 Rad8 26. Qxd8 Rxd8 27. Rxd8+ Kh7 28.
Ne8 Qh5 29. Nd6 Bc2 30. Bg2 Nc6 31. Bxc6 Qxe2 32. Nxf7 Qe7 33. Bd5 Bg6 34. Rh8# 1-0

[Event "*** MasterClass Titled Tuesday Blitz"]
[Site "Chess.com"]
[Date "2017.08.01"]
[Round "4"]
[White "Aygehovit1992"]
[Black "Tesla37"]
[Result "1/2-1/2"]
[WhiteElo "2475"]
[BlackElo "2678"]
[TimeControl "180+2"]
[EndTime "13:50:39 PDT"]
[Termination "Game drawn by agreement"]

1. e4 c5 2. Nf3 Nc6 3. Bb5 d6 4. O-O Bd7 5. Re1 Nf6 6. c3 a6 7.
Bf1 Bg4 8. h3 Bxf3 9. Qxf3 g6 10. d3 Bg7 11. Qd1 O-O 12. Be3 Nd7 13. a4 e6 14. Nd2 b5 15. Nf3 b4 16. d4 Qa5 17. dxc5 bxc3 18. bxc3 Rfd8 19. cxd6 Bxc3 20. Bd2 Bxd2 21. Qxd2 Qxd2 22. Nxd2 Nde5 23. f4 Rxd6 24. Ra2 Nd3 25. e5 Rdd8 26. Bxd3 Rxd3 27. Ne4 Nb4 28. Rd2 Rxd2 29. Nxd2 Rd8 30. Ne4 Rd4 31. g3 Nd5 32. a5 Ra4 33. Kg2 h5 34. Ng5 Ra2+ 35.
Kf3 Rxa5 36. Rc1 Ra3+ 37. Kf2 Rc3 38. Rb1 Rc7 39. Rb8+ Kg7 40. Ra8 Nb4 41. Ne4 Nd5 1/2-1/2

[Event "*** MasterClass Titled Tuesday Blitz"]
[Site "Chess.com"]
[Date "2017.08.01"]
[Round "4"]
[White "TastyFrenchFries"]
[Black "El-Ajedrecista"]
[Result "1-0"]
[WhiteElo "1915"]
[BlackElo "1821"]
[TimeControl "180+2"]
[EndTime "13:50:41 PDT"]
[Termination "TastyFrenchFries won on time"]

1. e4 c5 2. Nf3 d6 3. Bd3 Nc6 4. c3 Bg4 5. O-O Nf6 6. h3 Bh5 7. Bc2 e6 8. d3 Be7 9. Be3 O-O 10. Nbd2 d5 11. Bf4 dxe4 12. dxe4 Bg6 13. Qe2 Qb6 14. Nc4 Qa6 15. a4 Na5 16. Nfe5 Nxc4 17. Nxc4 Rad8 18. Rad1 Qc6 19. f3 Qc8 20. Ne5 Nd7 21.
Nxd7 Rxd7 22. Rxd7 Qxd7 23. Rd1 Qc6 24. Qb5 Qxb5 25.
axb5 Rd8 26. Ra1 Ra8 27. Bb3 Kf8 28. Kf2 Ke8 29. b6 a6 30. Ba4+ Kf8 31. Bc6 1-0

[Event "*** MasterClass Titled Tuesday Blitz"]
[Site "Chess.com"]
[Date "2017.08.01"]
[Round "4"]
[White "Sharafiev_Azat"]
[Black "Tash_Boy"]
[Result "0-1"]
[WhiteElo "2269"]
[BlackElo "2436"]
[TimeControl "180+2"]
[EndTime "13:50:49 PDT"]
[Termination "Tash_Boy won by checkmate"]

1. Nf3 Nf6 2. c4 g6 3. Nc3 Bg7 4. e4 O-O 5. d4 d6 6. Be2 e5 7. O-O Nc6 8. d5 Ne7 9. Ne1 Nd7 10. f3 f5 11. g4 Kh8 12. Nd3 Ng8 13. Be3 Bh6 14.
Bf2 Ndf6 15. c5 Bd7 16. cxd6 cxd6 17. h4 Bg7 18. Kg2 Rc8 19. g5 Nh5 20. Rc1 h6 21. Rh1 hxg5 22. hxg5 Qxg5+ 23. Kf1 Bh6 24. f4 Nxf4 25. Rg1 Qf6 26. Nxf4 Bxf4 27. Rc2 Nh6 28. Bxa7 fxe4 29. Nxe4 Bh3+ 30. Ke1 Qf5 31. Bd3 Rxc2 32.
Qxc2 Rc8 33. Nxd6 Rxc2 34. Bxf5 gxf5 35. Rg6 Kh7 36. Re6 Bg4 37. Nxb7 Bg3+ 38. Kf1 Bh3+ 39. Kg1 Rc1# 0-1

[Event "*** MasterClass Titled Tuesday Blitz"]
[Site "Chess.com"]
[Date "2017.08.01"]
[Round "4"]
[White "evgenysharapov"]
[Black "Anton_Demchenko"]
[Result "1-0"]
[WhiteElo "2267"]
[BlackElo "2733"]
[TimeControl "180+2"]
[EndTime "13:50:52 PDT"]
[Termination "evgenysharapov won by resignation"]

1. e4 c5 2. Nf3 d6 3. d4 cxd4 4. Nxd4 Nf6 5. Nc3 Nc6 6. g3 Bg4 7. f3 Bd7 8. Be3 a6 9. Qd2 e6 10. g4 Be7 11. O-O-O b5 12. g5 Nh5 13. f4 b4 14.
Nce2 Rc8 15. Ng3 Nxg3 16. hxg3 Nxd4 17. Bxd4 e5 18. Be3 Qc7 19. Kb1 Bc6 20. Bg2 a5 21. Rc1 Qb7 22. Qd3 Bb5 23. Qd2 Bc6 24. Qd3 a4 25. c4 O-O 26. f5 f6 27. g6 hxg6 28.
fxg6 f5 29. Qe2 Bxe4+ 30. Ka1 Rf6 31. Rh8+ Kxh8 32. Qh5+ 1-0

[Event "*** MasterClass Titled Tuesday Blitz"]
[Site "Chess.com"]
[Date "2017.08.01"]
[Round "4"]
[White "Jungle_Jaguar"]
[Black "oskariot"]
[Result "0-1"]
[WhiteElo "2316"]
[BlackElo "2502"]
[TimeControl "180+2"]
[EndTime "13:50:53 PDT"]
[Termination "oskariot won by resignation"]

1. c4 Nf6 2. g3 g6 3. Bg2 Bg7 4.
Nc3 O-O 5. e4 d6 6. Nge2 c6 7.
O-O a6 8. d4 b5 9. b3 bxc4 10.
bxc4 Nbd7 11. h3 Rb8 12. Be3 c5 13. f4 cxd4 14. Bxd4 Bb7 15. Kh2 e5 16. fxe5 Nxe5 17. Nd5 Nxd5 18. cxd5 a5 19. Nf4 Ba6 20. Rf2 h5 21.
Rc1 h4 22. g4 Qd7 23. Rfc2 Rfc8 24. Kh1 Rxc2 25. Qxc2 Rc8 26. Qd1 Rxc1 27. Qxc1 Qa4 28. Bg1 Qxa2 29. Qc7 Qd2 30. Qxa5 Qxa5 0-1

[Event "*** MasterClass Titled Tuesday Blitz"]
[Site "Chess.com"]
[Date "2017.08.01"]
[Round "4"]
[White "igorkovalenko"]
[Black "TheLancer"]
[Result "1-0"]
[WhiteElo "2660"]
[BlackElo "2469"]
[TimeControl "180+2"]
[EndTime "13:50:56 PDT"]
[Termination "igorkovalenko won by resignation"]

1. e4 c5 2. Nf3 g6 3. Bc4 Bg7 4.
O-O e6 5. Re1 Ne7 6. c3 O-O 7.
d4 cxd4 8. cxd4 d5 9. exd5 exd5 10. Bb5 Nbc6 11. Bg5 Qa5 12. Nc3 Nf5 13. Bxc6 bxc6 14.
Qd2 Ba6 15. Rad1 Nd6 16. b3 Rfe8 17. Bf4 Rxe1+ 18. Rxe1 Nb5 19. Nxb5 Qxd2 20. Bxd2 Bxb5 21. Re7 Bf6 22. Rc7 Bd8 23. Rb7 Bb6 24. h4 Be2 25.
Ng5 Rf8 26. Be3 h6 27. Nh3 Bg4 28. Nf4 Kg7 29. Nd3 Bc8 30. Re7 Kf6 31. Re5 Kg7 32. b4 Bf5 33. Nc5 Bxc5 34. dxc5 Be6 35. Bd4 Kh7 36.
a4 Rb8 37. Bc3 d4 38. Bd2 Kg7 39. f3 Kf6 40. Re4 Rd8 41. Bxh6 d3 42. Bg5+ 1-0

[Event "*** MasterClass Titled Tuesday Blitz"]
[Site "Chess.com"]
[Date "2017.08.01"]
[Round "4"]
[White "Jospem"]
[Black "Fisher-Human"]
[Result "0-1"]
[WhiteElo "2604"]
[BlackElo "2458"]
[TimeControl "180+2"]
[EndTime "13:51:18 PDT"]
[Termination "Fisher-Human won by checkmate"]

1. c4 Nf6 2. g3 d5 3. cxd5 Nxd5 4.
Bg2 g6 5. Nc3 Nb6 6. d3 Bg7 7.
Be3 Nc6 8. Qd2 Nd4 9. h4 h5 10.
Nf3 e5 11. Rc1 c6 12. O-O Bg4 13. Ng5 O-O 14. Rfe1 Qe7 15. Bxd4 exd4 16. Nce4 Nd5 17. Nc5 Rad8 18. Nf3 b6 19. Ne4 c5 20. a3 Rfe8 21. Qd1 f5 22. Neg5 f4 23. Ne4 fxg3 24. fxg3 Bf5 25.
Nfg5 Bh6 26. Qb3 Kg7 27. Rf1 Bxe4 28. Bxe4 Bxg5 29. Bxd5 Rxd5 30. Qxd5 Bxc1 31. e4 Be3+ 32. Kg2 Rf8 33. Rxf8 Qxf8 34. Qe5+ Kh6 35. Kh3 Qf1+ 36. Kh2 Qg1+ 37. Kh3 Qh1# 0-1

[Event "*** MasterClass Titled Tuesday Blitz"]
[Site "Chess.com"]
[Date "2017.08.01"]
[Round "4"]
[White "peteseeger"]
[Black "Bad4life"]
[Result "0-1"]
[WhiteElo "2098"]
[BlackElo "2175"]
[TimeControl "180+2"]
[EndTime "13:51:20 PDT"]
[Termination "Bad4life won by resignation"]

1. e4 d6 2. d4 Nf6 3. Nc3 g6 4. f4 Bg7 5. Nf3 O-O 6. e5 dxe5 7. fxe5 Nd5 8. Bc4 c6 9. O-O Bg4 10. Ne4 Nd7 11. h3 N7b6 12. Bb3 Bf5 13. Ng3 Qd7 14.
Nxf5 Qxf5 15. Ng5 Qd7 16. Qe2 a5 17. a3 f6 18. Ne4 fxe5 19. Rxf8+ Rxf8 20. c4 Nf4 21. Bxf4 exf4 22. d5 f3 23. gxf3 Qxh3 24. Re1 Bd4+ 25.
Nf2 Rxf3 26. Qe6+ Qxe6 0-1

[Event "*** MasterClass Titled Tuesday Blitz"]
[Site "Chess.com"]
[Date "2017.08.01"]
[Round "4"]
[White "nekochabo"]
[Black "livestrong04"]
[Result "1-0"]
[WhiteElo "2545"]
[BlackElo "2372"]
[TimeControl "180+2"]
[EndTime "13:51:21 PDT"]
[Termination "nekochabo won by resignation"]

1. Nf3 Nf6 2. g3 d5 3. Bg2 c6 4.
O-O Bf5 5. c4 e6 6. cxd5 cxd5 7.
Qb3 Qb6 8. Qxb6 axb6 9. Nc3 Nc6 10. d3 Be7 11. Be3 Bc5 12. Bg5 O-O 13. h3 Nd7 14.
Nh4 Bg6 15. Nxg6 hxg6 16. a3 f6 17. Bd2 Nd4 18. Rab1 Nb3 19. Be1 Rfc8 20. Nxd5 Bd6 21. Nc3 Ndc5 22. Nb5 Rd8 23. d4 Na4 24. Bxb7 Rab8 25.
Bc6 Be7 26. e3 Rbc8 27. Na7 Rxc6 28. Nxc6 Rd7 29. Rd1 Bf8 30. Bb4 Rc7 31. Nd8 Bxb4 32. axb4 Rc2 33. Rd3 Rxb2 34. Nxe6 b5 35. d5 Nb6 36. d6 Nd7 37. Nc5 Nbxc5 38. bxc5 Rc2 39. Ra1 Kf7 40. Ra7 Ke6 41. Rc7 Rxc5 42. Kg2 b4 43. Rb7 Rc4 44. f4 g5 45. Kf3 gxf4 46. gxf4 g6 47. h4 f5 48. Rb3 Kxd6 49. Rd3+ 1-0

[Event "*** MasterClass Titled Tuesday Blitz"]
[Site "Chess.com"]
[Date "2017.08.01"]
[Round "4"]
[White "viggi38"]
[Black "ka1ser64"]
[Result "1-0"]
[WhiteElo "2390"]
[BlackElo "2355"]
[TimeControl "180+2"]
[EndTime "13:51:26 PDT"]
[Termination "viggi38 won by resignation"]

1. c4 e6 2. Nc3 Nf6 3. g3 d5 4. d4 Be7 5. Bg2 O-O 6. Nf3 dxc4 7.
O-O a6 8. a4 Nc6 9. e4 Na5 10.
Qe2 Nb3 11. Rb1 Nxd4 12. Nxd4 Qxd4 13. Be3 Qe5 14. f4 Qh5 15. Bf3 Qa5 16. Qxc4 Bd7 17. b4 b5 18. Qd4 Qb6 19. Qd2 Qb8 20. e5 Nd5 21. Nxd5 exd5 22. Qxd5 Bf5 23. Rbc1 bxa4 24.
Qxa8 Qxa8 25. Bxa8 Rxa8 26. Bc5 Bd8 27. Rfd1 c6 28.
Rd6 Be4 29. Ra1 Be7 30. Rd4 Bxc5 31. bxc5 Bc2 32. Rd6 Rc8 33. Kf2 Kf8 34. Ke3 Ke7 35. Kd2 Bb3 36. Kc3 Rc7 37. Ra3 a5 38. Rxb3 axb3 39. Kxb3 Rb7+ 40. Ka4 Rb4+ 41. Ka3 Rc4 42. Rxc6 Kd7 43. Rd6+ Kc7 44. Ra6 Kb7 45. Rxa5 Kc6 46. Kb3 Rc1 47. Ra7 Kxc5 48. Rc7+ 1-0

[Event "*** MasterClass Titled Tuesday Blitz"]
[Site "Chess.com"]
[Date "2017.08.01"]
[Round "4"]
[White "attack2mateU"]
[Black "Cruel_Yaro"]
[Result "1-0"]
[WhiteElo "2507"]
[BlackElo "2573"]
[TimeControl "180+2"]
[EndTime "13:51:32 PDT"]
[Termination "attack2mateU won by resignation"]

1. e4 c5 2. Nf3 d6 3. d4 cxd4 4. Nxd4 Nf6 5. Nc3 a6 6. h3 b5 7.
g4 Bb7 8. Bg2 Nc6 9. e5 Nxd4 10.
Bxb7 dxe5 11. Be3 Ra7 12. Bxd4 Rxb7 13. Bxe5 Qxd1+ 14. Rxd1 e6 15. Ke2 Nd7 16. Bd4 Rc7 17. Ne4 e5 18. Be3 Rxc2+ 19. Kd3 Rxb2 20. Rc1 Kd8 21.
Ng5 Ke7 22. Rc7 f6 23. Kc3 Rxa2 24. Rd1 fxg5 25. Bxg5+ Kf7 26. Rdxd7+ Kg6 27. Be3 h5 28. Rc6+ Kh7 29. g5 Ra3+ 30. Kb2 Rxe3 31. fxe3 Bb4 32. Kb3 a5 33. Rh6+ Kg8 34. Rd8+ 1-0

[Event "*** MasterClass Titled Tuesday Blitz"]
[Site "Chess.com"]
[Date "2017.08.01"]
[Round "4"]
[White "DiamondCrusher22"]
[Black "axlbvRR"]
[Result "1-0"]
[WhiteElo "2039"]
[BlackElo "1976"]
[TimeControl "180+2"]
[EndTime "13:51:36 PDT"]
[Termination "DiamondCrusher22 won by resignation"]

1. e4 c5 2. Nf3 d6 3. c3 Nf6 4.
Be2 g6 5. O-O Bg7 6. Re1 O-O 7.
Bf1 Nc6 8. d3 Bd7 9. Nbd2 Rc8 10. a4 a6 11. Qc2 b5 12. h3 Nh5 13. g3 Re8 14. Bg2 b4 15. Rb1 Rb8 16. Nc4 Qc8 17. Bd2 Bxh3 18. a5 Bxg2 19. Kxg2 Qg4 20. Ne3 Qc8 21. Nc4 Qg4 22. Rh1 bxc3 23. bxc3 f5 24.
Rh4 Rxb1 25. Qxb1 Rb8 26. Qc2 Nf6 27. Rxg4 fxg4 28. Ng5 h6 29. Ne6 Bh8 30. Qa4 Kf7 31. Qxc6 Kxe6 32. e5 Ne8 33. Qe4 d5 34. Qxg6+ Kd7 35.
Nb6+ Kd8 36. Qc6 1-0

[Event "*** MasterClass Titled Tuesday Blitz"]
[Site "Chess.com"]
[Date "2017.08.01"]
[Round "4"]
[White "Muracle"]
[Black "MITerryble"]
[Result "0-1"]
[WhiteElo "2436"]
[BlackElo "2681"]
[TimeControl "180+2"]
[EndTime "13:51:37 PDT"]
[Termination "MITerryble won by resignation"]

1. Nf3 Nf6 2. g3 d5 3. Bg2 c6 4.
O-O Bg4 5. d3 Nbd7 6. Nbd2 e6 7.
b3 Bd6 8. Bb2 O-O 9. e4 Qe7 10.
a4 Rad8 11. h3 Bxf3 12. Qxf3 Bb4 13. Rad1 Qc5 14. c4 Qa5 15. Qe2 Bc3 16. Nb1 Bxb2 17. Qxb2 dxe4 18. dxe4 e5 19. Nc3 Qb4 20. Na2 Qc5 21.
Nc1 a5 22. Nd3 Qe7 23. Qc3 Nc5 24. Nxe5 Ncxe4 25. Qb2 Rfe8 26. Rxd8 Qxd8 27. Bxe4 Nxe4 28. Ng4 Nd2 29. Rc1 Qd3 30. Ne3 Rxe3 31. fxe3 Qxe3+ 32. Kh1 Qf3+ 33. Kg1 Qxg3+ 34. Kh1 Qxh3+ 35. Kg1 Qe3+ 36. Kh1 Qf3+ 37. Kg1 Qe2 0-1

[Event "*** MasterClass Titled Tuesday Blitz"]
[Site "Chess.com"]
[Date "2017.08.01"]
[Round "4"]
[White "joppie2"]
[Black "LastHeroJr"]
[Result "1-0"]
[WhiteElo "2613"]
[BlackElo "2402"]
[TimeControl "180+2"]
[EndTime "13:51:37 PDT"]
[Termination "joppie2 won by resignation"]

1. e4 e5 2. Nf3 Nc6 3. Bc4 Nf6 4. d3 Bc5 5. c3 d6 6. a4 a6 7.
O-O O-O 8. Bg5 h6 9. Bh4 g5 10. Bg3 g4 11. Bh4 gxf3 12. Qxf3 Kg7 13. b4 Bb6 14. a5 Ba7 15. Na3 h5 16. h3 Rh8 17. Nc2 Rh6 18. Ne3 Be6 19. Bd5 Rg6 20.
Nf5+ Bxf5 21. exf5 Rh6 22. Qg3+ Kh7 23. Bxf7 Ne7 24.
Be6 Qf8 25. Bg5 Qg7 26. Kh1 h4 27. Bxh4 Qxg3 28. fxg3 Rf8 29. Bg5 Rh5 30. Bxf6 Rxf6 31.
g4 Rh4 32. Kh2 Kh8 33. g5 Rf8 34. g3 Rh5 35. h4 Rh7 36. Kh3 Nc6 37. f6 Nd8 38.
Bb3 c6 39. g6 Rd7 40. g7+ Rxg7 41. fxg7+ Kxg7 42. Rxf8 Kxf8 43. Rf1+ Kg7 44. Rf5 Bb8 45. Rg5+ Kf6 46. Rg8 Bc7 47. h5 d5 48. h6 Ne6 49.
h7 1-0

[Event "*** MasterClass Titled Tuesday Blitz"]
[Site "Chess.com"]
[Date "2017.08.01"]
[Round "4"]
[White "jeaston1"]
[Black "guilty93"]
[Result "0-1"]
[WhiteElo "2197"]
[BlackElo "2384"]
[TimeControl "180+2"]
[EndTime "13:51:45 PDT"]
[Termination "guilty93 won by resignation"]

1. d4 Nf6 2. c4 e6 3. Nc3 Bb4 4. Qc2 Nc6 5. Nf3 Qe7 6. Bg5 h6 7. Bxf6 Qxf6 8. a3 Bxc3+ 9. Qxc3 b6 10. e4 Bb7 11. d5 Qxc3+ 12. bxc3 Na5 13. Rb1 Ke7 14. c5 exd5 15. cxb6 axb6 16. exd5 Bxd5 17. Nd4 Rhe8 18. Be2 Bxg2 19. Rg1 Be4 20. Rb4 Kf8 21. Nb5 Rac8 22. Kd2 Bd5 23. Rbg4 g6 24. Nd4 Nc4+ 25. Bxc4 Bxc4 26. Rf4 g5 27. Rfg4 Be6 28. R4g3 c5 29. Nb5 Ke7 30. Re3 f5 31. h4 Rg8 32.
hxg5 hxg5 33. Rh3 Kf6 34. f4 g4 35. Rh6+ Rg6 36. Rh7 Rcg8 37. Nd6 R6g7 38. Rh6+ Ke7 39.
Nb5 g3 40. Rh3 Bd5 41. Rh6 Rg6 42. Rh7+ R8g7 43. Rh5 Be4 44. c4 g2 45. Nc3 Rd6+ 46.
Ke1 Rd4 47. Nxe4 Rxe4+ 48. Kd2 Rxf4 49. Ke2 Rxc4 50. Rxf5 Rc2+ 51. Kd3 Ra2 52. Re5+ Kd6 53. Rh5 Rxa3+ 54. Kc4 Ra4+ 55. Kb5 Rb4+ 56. Ka6 Kc7 57. Rh8 Rg3 0-1

[Event "*** MasterClass Titled Tuesday Blitz"]
[Site "Chess.com"]
[Date "2017.08.01"]
[Round "4"]
[White "TenisMaster"]
[Black "biostatistician"]
[Result "1-0"]
[WhiteElo "2683"]
[BlackElo "2465"]
[TimeControl "180+2"]
[EndTime "13:51:48 PDT"]
[Termination "TenisMaster won by resignation"]

1. e4 e6 2. d4 d5 3. Nc3 Nf6 4. e5 Nfd7 5. f4 c5 6. Nf3 Nc6 7. Be3 a6 8. Qd2 b5 9. dxc5 Bxc5 10. Bf2 Qb6 11. Bd3 O-O 12. O-O Bxf2+ 13. Qxf2 Qxf2+ 14. Rxf2 f6 15. exf6 Nxf6 16. g3 Re8 17. Re1 Bd7 18.
Ne5 Nxe5 19. fxe5 Ng4 20. Rf4 Nh6 21. Ne2 Rf8 22. Rxf8+ Rxf8 23. b4 Ng4 24. Nd4 g5 25. h3 Nh6 26. Nb3 Kg7 27. Nc5 Bc8 28. a4 bxa4 29. Nxa4 Nf5 30. Kg2 h5 31. Nc5 Nd4 32.
c3 Nf3 33. Re3 g4 34. hxg4 hxg4 35.
Be2 Ne1+ 36. Kg1 Nc2 37. Rd3 Ne1 38. Rd2 Rf5 39. Bxg4 Rxe5 40. Kf2 Kg8 41. Be2 1-0

[Event "*** MasterClass Titled Tuesday Blitz"]
[Site "Chess.com"]
[Date "2017.08.01"]
[Round "4"]
[White "ehrenfeld"]
[Black "DrVelja"]
[Result "1-0"]
[WhiteElo "2406"]
[BlackElo "2507"]
[TimeControl "180+2"]
[EndTime "13:51:48 PDT"]
[Termination "ehrenfeld won by resignation"]

1. e4 c5 2. Nf3 e6 3. d3 Nc6 4. g3 g6 5. Bg2 Bg7 6. O-O Nge7 7.
c3 O-O 8. d4 d5 9. e5 cxd4 10.
cxd4 f6 11. exf6 Bxf6 12. Bh6 Re8 13. Nc3 Nf5 14. Be3 Nxe3 15. fxe3 Bd7 16. Rc1 Rc8 17. Qe2 Qb6 18. Na4 Nxd4 19. Nxd4 Bxa4 20. Rxc8 Rxc8 21. Rxf6 Qd8 22. Rxe6 Rc1+ 23. Kf2 Bd7 24. Bxd5 Bxe6 25. Bxe6+ Kg7 26. Bb3 Qe7 27. Qg4 Rh1 28. Kg2 Re1 29. Ne6+ Kh6 30. Qf4+ g5 31. Qf2 Rb1 32. h4 g4 33. Qf4+ Kh5 34. Qf5+ 1-0

[Event "*** MasterClass Titled Tuesday Blitz"]
[Site "Chess.com"]
[Date "2017.08.01"]
[Round "4"]
[White "XDPS"]
[Black "scrapnel"]
[Result "1-0"]
[WhiteElo "2520"]
[BlackElo "2495"]
[TimeControl "180+2"]
[EndTime "13:51:48 PDT"]
[Termination "XDPS won by checkmate"]

1. e4 c6 2. d4 d5 3. exd5 cxd5 4.
c4 Nf6 5. Nc3 e6 6. Nf3 Bb4 7.
cxd5 Nxd5 8. Qc2 Nc6 9. Bd3 Ba5 10. a3 Nxc3 11. bxc3 Nxd4 12. Nxd4 Qxd4 13. O-O Qxc3 14. Bb5+ Bd7 15. Bxd7+ Kxd7 16. Qa4+ Ke7 17. Rb1 Bb6 18. Be3 Rhd8 19. Qh4+ Kf8 20. Qxh7 Qf6 21. Bxb6 axb6 22. Rxb6 Rxa3 23. Rxb7 g6 24. h4 Rad3 25. h5 gxh5 26.
Qxh5 R3d5 27. Qh3 Rd1 28. Rb1 Rxf1+ 29. Kxf1 Rd2 30. Rb8+ Kg7 31. Qh8+ Kg6 32. Rg8+ Kf5 33. Qh5+ Ke4 34. Rg4+ Kd3 35. Qb5+ Kc2 36. Rc4+ Kd1 37.
Qb1# 1-0

[Event "*** MasterClass Titled Tuesday Blitz"]
[Site "Chess.com"]
[Date "2017.08.01"]
[Round "4"]
[White "wonderfultime"]
[Black "IvaVidenova"]
[Result "1-0"]
[WhiteElo "2663"]
[BlackElo "2459"]
[TimeControl "180+2"]
[EndTime "13:51:49 PDT"]
[Termination "wonderfultime won by resignation"]

1. d4 Nf6 2. c4 g6 3. Nc3 d5 4.
Nf3 Bg7 5. e3 O-O 6. Bd2 c5 7.
dxc5 dxc4 8. Bxc4 Nc6 9. O-O Bg4 10. Be2 Rc8 11. h3 Bxf3 12. Bxf3 Qa5 13. Qb3 Rfd8 14.
Rfd1 Qxc5 15. Qxb7 Na5 16. Qa6 Nc4 17. Na4 Qg5 18. Bc3 Ne5 19. Bb7 Rb8 20. Rxd8+ Rxd8 21. Qa5 Rd7 22. Ba8 Ne8 23. f4 Qg3 24. Bxe5 Qxe3+ 25. Kh1 Bxe5 26. Qxe5 Qf2 27. Bf3 Nf6 28. Nc5 Rd2 29.
Rg1 h5 30. Qxe7 Ng4 31. Bxg4 hxg4 32. Ne4 Qe2 33. Nf6+ Kg7 34. Qxe2 Rxe2 35. Nxg4 Rxb2 36. Rc1 Rxa2 37. Rc7 a5 38. Ne5 a4 39. Rxf7+ Kg8 40. Ra7 a3 41. Nxg6 Ra1+ 42. Kh2 a2 43. Ne5 1-0